 Dungeon Crawl Stone Soup version 0.30-a0-908-g5a111fc481 (webtiles) character file.

Game seed: 8090824508104726249

83 Crownlay the Digger (level 4, -1/24 HPs)
             Began as a Gargoyle Earth Elementalist on Mar 19, 2023.
             Slain by Terence
             ... wielding a +0 short sword
              (5 damage)
             ... on level 2 of the Dungeon.
             The game lasted 00:01:36 (1717 turns).

Crownlay the Digger (Gargoyle Earth Elementalist)   Turns: 1717, Time: 00:01:36

Health: -1/24      AC:  5    Str: 12    XL:     4   Next: 44%
Magic:  1/8        EV:  8    Int: 17    God:
Gold:   79         SH:  0    Dex: 10    Spells: 4/8 levels left

rFire   . . .      SeeInvis .    c - +0 falchion
rCold   . . .      Faith    .    (no shield)
rNeg    + . .      Spirit   .    a - +0 robe
rPois   ∞          Reflect  .    (no helmet)
rElec   +          Rampage  .    (no cloak)
rCorr   .                        (no gloves)
Will    .....                    (no boots)
Stlth   ++                       (no amulet)
HPRegen 0.24/turn                (no ring)
MPRegen 0.11/turn                (no ring)

@: grasped by roots, very slightly contaminated, constricted
A: sickness immunity, AC +3, negative energy resistance 1, electricity
resistance, torment resistance 1, petrification resistance
a: no special abilities


You were on level 2 of the Dungeon.
You visited 1 branch of the dungeon, and saw 3 of its levels.

You collected 79 gold pieces.

Inventory:

Hand Weapons
 c - a +0 falchion (weapon)
Armour
 a - a +0 robe (worn)
Scrolls
 e - a scroll of enchant armour {unknown}
 f - a scroll of magic mapping {unknown}
 g - a scroll of teleportation {unknown}
 h - 4 scrolls of identify {unknown}
Potions
 b - a potion of magic
 d - 2 potions of heal wounds {unknown}
 i - a potion of lignification {unknown}
 j - a potion of brilliance {unknown}
 k - a potion of curing {unknown}


   Skills:
 - Level 1.5 Dodging
 - Level 2.1 Stealth
 + Level 2.8 Spellcasting
 - Level 0.7 Transmutations
 * Level 5.5 Earth Magic


You had 4 spell levels left.
You knew the following spells:

 Your Spells              Type           Power      Damage    Failure   Level
a - Sandblast             Erth           42%        2d11      1%          1
b - Stone Arrow           Conj/Erth      22%        3d8       17%         3

Your spell library contained the following spells:

 Spells                   Type           Power      Damage    Failure   Level
 Passwall                 Tmut/Erth      10%        N/A       8%          2
 Petrify                  Tmut/Erth      13%        N/A       43%         4


Dungeon Overview and Level Annotations

Branches:
Dungeon (3/15)

Altars:

Annotations:
D:2 1 runed translucent door, Crazy Yiuf, Terence


Innate Abilities, Weirdness & Mutations

You are immune to sickness and miasma.
Your stone body is resilient. (AC +3)
You are immune to poison.
You resist negative energy. (rN+)
You are resistant to electric shocks. (rElec)
You are resistant to unholy torment.
You are immune to petrification.


Message History

You miscast Stone Arrow.
You are very lightly contaminated with residual magic.
Nothing appears to happen.
Casting: Stone Arrow (extremely dangerous; 17% risk of failure)
Confirm with . or Enter, or press ? or * to list all spells.
Aiming: Stone Arrow (extremely dangerous; 17% risk of failure)
Press: ? - help, Shift-Dir - straight line, f/p - Terence
Aim: Terence, wielding a +0 short sword, wearing a +0 scale mail and carrying a wand of roots (10) (72% to hit)
The stone arrow hits Terence!
Terence is severely wounded.
Casting: Stone Arrow (extremely dangerous; 17% risk of failure)
Confirm with . or Enter, or press ? or * to list all spells.
Aiming: Sandblast (safe; 1% risk of failure)
Press: ? - help, Shift-Dir - straight line, f/p - Terence
Aim: Terence, wielding a +0 short sword, wearing a +0 scale mail and carrying a wand of roots (10) (severely wounded, 85% to hit)
The blast of sand hits Terence.
Terence is severely wounded.
Casting: Sandblast (safe; 1% risk of failure)
Confirm with . or Enter, or press ? or * to list all spells.
Aiming: Sandblast (safe; 1% risk of failure)
Press: ? - help, Shift-Dir - straight line, f/p - Terence
Aim: Terence, wielding a +0 short sword, wearing a +0 scale mail and carrying a wand of roots (10) (severely wounded, 85% to hit)
The blast of sand hits Terence but does no damage.
Terence is severely wounded.
Terence barely misses you. Terence hits you but does no damage.
You barely miss Terence.
Terence is severely wounded.
Terence zaps a wand.
The roots erupt in riotous growth!
The grasping roots grab you!
Terence is unaffected.
The grasping roots constrict you.
You barely miss Terence.
Terence is severely wounded.
Terence hits you with a +0 short sword. The grasping roots constrict you.
You are too injured to fight recklessly!
You barely miss Terence.
Terence is severely wounded.
Terence hits you with a +0 short sword. The grasping roots constrict you.
* * * LOW HITPOINT WARNING * * *
Terence hits you with a +0 short sword.
You die...

.........# #....###.# #.#
......†..# #........# #.#
.........# ########## #.#
.........# #.# .........# #.#
.........# #.# .........#.. #.#
.........#....################.##
.........#.....@@..#.............
.........##+######.#.#########.##
....(....##.# #.#.#..........#
####..#####.# #.#.#.#######..#
##.....#.## #.#.#.......<..#
#........### #.#.######..##.#
#........'.###.#............#
#........#...#.####....######
#........###.................


You could see Terence.

Vanquished Creatures
  A jelly (D:2)
  A dart slug (D:2)
  7 orcs
  4 bats
  6 endoplasms
  3 giant cockroaches
  A goblin (D:1)
  3 hobgoblins
  4 ball pythons
  3 frilled lizards (D:2)
  3 kobolds (D:1)
  7 rats (D:1)
43 creatures vanquished.

Notes
Turn   | Place    | Note
-------+----------+-------------------------------------------
     0 | D:1      | Crownlay the Gargoyle Earth Elementalist began the quest
                  | for the Orb.
     0 | D:1      | Reached XP level 1. HP: 10/10 MP: 3/3
   113 | D:1      | Reached skill level 4 in Earth Magic
   193 | D:1      | Reached XP level 2. HP: 15/15 MP: 3/5
  1030 | D:2      | Reached XP level 3. HP: 19/19 MP: 3/6
  1034 | D:2      | Learned a level 3 spell: Stone Arrow
  1086 | D:2      | You fall into a shaft and drop 1 floor!
  1194 | D:2      | Reached skill level 5 in Earth Magic
  1194 | D:2      | Reached XP level 4. HP: 24/24 MP: 4/8
  1555 | D:2      | Found a runed translucent door.
  1556 | D:2      | Noticed Crazy Yiuf
  1709 | D:2      | Noticed Terence
  1717 | D:2      | Slain by Terence

Illustrated notes

Levels and vault maps discovered:
D:1:      dpeg_arrival_ratfight, layout_basic
D:2:      layout_basic, uniq_terence, uniq_crazy_yiuf_cottage
D:3:      layout_basic, hellmonk_ecumenical_altar_inner_sanctum,
          grunt_decor_mini_mirrors, minmay_puff, uniq_robin, uniq_natasha

Skill      XL: |  1  2  3 |
---------------+----------+-----
Earth Magic    | 4 5 |  5.5
Dodging        | |  1.5
Stealth        | |  2.1
Spellcasting   | |  2.8
Transmutations | |  0.7

Action                     |  1- 3 |  4- 6 || total
---------------------------+-------+-------++-------
  Melee: Falchion          |     5 |     3 ||     8
   Cast: Sandblast         |    37 |    19 ||    56
         Stone Arrow       |       |     1 ||     1
 Armour: Robe              |    10 |     4 ||    14
  Dodge: Dodged            |    24 |     6 ||    30

Table legend: (Time is in decaauts)
 A = Elapsed time spent in this place.
 B = Non-inter-level travel time spent in this place.
 C = Inter-level travel time spent in this place.
 D = Time resting spent in this place.
 E = Time spent auto-exploring this place.
 F = Levels seen in this place.
 G = Mean time per level.
                   A        B        C        D        E       F      G
               +--------+--------+--------+--------+--------+-----+--------+
         Total |   1745 |   1724 |     21 |      0 |   1503 |   3 |  581.7 |
       Dungeon |   1745 |   1724 |     21 |      0 |   1503 |   3 |  581.7 |
               +--------+--------+--------+--------+--------+-----+--------+

Top non-repeatable levels by time:
     D:1: 1029 daAuts
     D:2: 693 daAuts
     D:3: 22 daAuts
